 Dungeon Crawl Stone Soup version 0.29.0-10-g45618ea6d2 (webtiles) character file.

Game seed: 3208947366106634011

27 SensoryNuts the Trooper (level 2, -4/24 HPs)
             Began as a Demonspawn Fighter on Sept 1, 2022.
             Slain by a worm (9 damage)
             ... on level 2 of the Dungeon.
             The game lasted 00:00:33 (1013 turns).

SensoryNuts the Trooper (Demonspawn Fighter)        Turns: 1013, Time: 00:00:33

Health: -4/24      AC:  6    Str: 16    XL:     2   Next: 93%
Magic:  2/2        EV:  8    Int:  9    God:
Gold:   28         SH:  4    Dex: 12    Spells: 1/1 levels left

rFire   . . .      SeeInvis .   a - +0 long sword
rCold   . . .      Faith    .   c - +0 buckler
rNeg    . . .      Spirit   .   b - +0 scale mail
rPois   .          Reflect  .   (no helmet)
rElec   .          Harm     .   (no cloak)
rCorr   .          Rampage  .   (no gloves)
Will    .....                   (no boots)
Stlth   ..........              (no amulet)
HPRegen 0.08/turn               (no ring)
MPRegen 0.08/turn               (no ring)

@: mighty
A: weakness stinger 1
a: no special abilities


You were on level 2 of the Dungeon.
You visited 1 branch of the dungeon, and saw 2 of its levels.

You collected 28 gold pieces.

Inventory:

Hand Weapons
 a - a +0 long sword (weapon)
Missiles
 g - a throwing net (quivered)
Armour
 b - a +0 scale mail (worn)
 c - a +0 buckler (worn)
Scrolls
 e - 3 scrolls of fear {unknown}
 f - a scroll of enchant weapon {unknown}
 h - 2 scrolls of teleportation {unknown}
Potions
 i - 2 potions of resistance {unknown}
 j - a potion of lignification {unknown}
 k - a potion of flight {unknown}


   Skills:
 + Level 3.2 Fighting
 * Level 2.3 Long Blades
 + Level 3.0 Armour
 + Level 2.9 Shields


You had one spell level left.
You didn't know any spells.
Your spell library was empty.

Dungeon Overview and Level Annotations

Branches:
Dungeon (2/15)

Altars:


Innate Abilities, Weirdness & Mutations

You have a small tail.


Message History

No target in view!
No target in view!
No target in view!
No target in view!
No target in view!
k - a bubbling cyan potion You see here a +0 whip.
You now have 28 gold pieces (gained 9).
A worm comes into view.
A worm is nearby!
A frilled lizard comes into view.
The frilled lizard hisses angrily.
The worm bites you.
You barely miss the worm. You tail-slap the worm.
The worm is moderately wounded.
The worm bites you.
You hit the worm.
The worm is moderately wounded.
You hit the worm but do no damage.
The worm is moderately wounded.
The frilled lizard barely misses you. The worm bites you!
* * * LOW HITPOINT WARNING * * *
The frilled lizard bites you but does no damage.
You are too injured to fight recklessly!
You are too injured to fight recklessly!
You are too injured to fight recklessly!
You are too injured to fight recklessly!
There are monsters nearby!
There are monsters nearby!
There are monsters nearby!
You are too injured to fight recklessly!
You hit the worm.
The worm is heavily wounded.
The frilled lizard bites you.
* * * LOW HITPOINT WARNING * * *
The worm bites you but does no damage.
You feel very mighty all of a sudden.
The frilled lizard bites you but does no damage.
The worm bites you!
You die...

#.......## #........##
.#####.........#
...............#
..#.##.........#
#........## #.......##
#.##.#####..#...##
#.....w@l..=##.#########
.....####..##....)......
### #.###..######### #l#
#..# #.# #..# #.# #.##
#.# #. #.# #. #.


You could see a worm and a frilled lizard.

Vanquished Creatures
  An adder (D:2)
  3 endoplasms (D:1)
  2 goblins (D:2)
  A hobgoblin (D:1)
  2 jackals (D:1)
  3 kobolds (D:1)
  A quokka (D:1)
  A bat (D:2)
  A frilled lizard (D:2)
15 creatures vanquished.

Notes
Turn   | Place    | Note
-------+----------+-------------------------------------------
     0 | D:1      | SensoryNuts the Demonspawn Fighter began the quest for the
                  | Orb.
     0 | D:1      | Reached XP level 1. HP: 18/18 MP: 1/1
   221 | D:1      | Discovered your monstrous ancestry.
   221 | D:1      | Gained mutation: You have a small tail. [demonic ancestry]
   221 | D:1      | Reached XP level 2. HP: 19/24 MP: 2/2
   278 | D:1      | Found a faded altar of an unknown god.
  1013 | D:2      | Slain by a worm

Illustrated notes

Levels and vault maps discovered:
D:1:      lemuel_arrival_cross, layout_loops_ring,
          hellmonk_ecumenical_altar_dog_temple
D:2:      layout_loops_ring, serial_park_tiny_pond

Skill      XL: |  1  2 |
---------------+-------+-----
Long Blades    | 2 |  2.3
Armour         | 3 |  3.0
Fighting       | |  3.2
Shields        | |  2.9

Action                   || total
-------------------------++-------
Melee: Long sword        ||    48
       Tailslap          ||     5
  Use: Potion            ||     1
Armor: Scale mail        ||    32
Dodge: Dodged            ||    15
Block: Buckler           ||     7
